[Event "Team 45 45 League T40"]
[Site "Internet Chess Club"]
[Date "2009.03.09"]
[Round "6"]
[White "civilization"]
[Black "toukon"]
[Result "1/2-1/2"]
[WhiteElo "1607"]
[BlackElo "1446"]
[Opening "Sicilian: Alapin's variation (2.c3)"]
[ECO "B22"]
[Time "20:05:54"]
[TimeControl "2700+45"]

1. e4 c5 2. c3 d5 3. exd5 Qxd5 4. d4 Nc6 5. Nf3 Bg4 6. Be2 e6 7. h3 Bh5 8. O-O
Nf6 9. Be3 cxd4 10. Nxd4 Bxe2 11. Qxe2 Nxd4 12. Bxd4 Be7 13. Rd1 Qc6 14. Nd2 O-O
15. Nf3 Rfd8 16. Nh4 Nd5 17. Nf3 Bd6 18. Be5 Bxe5 19. Qxe5 h6 20. Nd4 Qb6 21.
Rab1 Rd7 22. Nf3 Rad8 23. c4 Nf6 24. Rxd7 Rxd7 25. b3 Rd8 26. Qe2 Qc6 27. Rd1
Qb6 28. Rxd8+ Qxd8 29. Qd2 Qb6 30. Qd4 Qa5 31. Qd2 Qc5 32. Qd8+ Kh7 33. Qd3+ Kg8
34. Qd8+ Kh7 35. Qd3+ Kg8 36. Qd4 Qa3 37. Qd2 a6 38. Ne5 Qc5 39. Nf3 b5 40. Qd8+
Kh7 41. Qd3+ Kg8 42. Nd2 Kh8 43. Ne4 Nxe4 44. Qxe4 Qc8 45. Qd3 Qc5 46. cxb5 axb5
47. a4 bxa4 48. bxa4 Qa5 49. Qb5 Qe1+ 50. Qf1 Qa5 51. Qb5 Qe1+ 52. Kh2 Qxf2 53.
a5 Qf4+ 54. Kg1 Qc1+ 55. Kh2 Qf4+ 56. Kh1 Qc1+ 57. Kh2 Qf4+ 58. Kg1 Qc1+ 59. Kf2
Qd2+ 60. Kf3 Qc3+ 61. Kf2 Qd2+ 62. Kf1 Qc1+ 63. Kf2 Qd2+ 64. Kg1 Qc1+ 65. Kh2
Qf4+ {Game drawn by repetition} 1/2-1/2

[Event "Team 45 45 League T40"]
[Site "Internet Chess Club"]
[Date "2009.03.08"]
[Round "6"]
[White "Makaen"]
[Black "badmove"]
[Result "0-1"]
[WhiteElo "1496"]
[BlackElo "1585"]
[Opening "Alekhine's defense: four pawns attack"]
[ECO "B03"]
[Time "17:01:46"]
[TimeControl "2700+45"]

1. e4 Nf6 2. e5 Nd5 3. d4 d6 4. c4 Nb6 5. f4 dxe5 6. fxe5 c5 7. d5 e6 8. Nc3
exd5 9. cxd5 c4 10. Nf3 Bb4 11. Bxc4 Bxc3+ 12. bxc3 Nxc4 13. Qa4+ Nd7 14. Qxc4
Nb6 15. Qb5+ Qd7 16. Qxd7+ Bxd7 17. d6 Rc8 18. Be3 Rxc3 19. Bxb6 axb6 20. Kd2
Ra3 21. Rhc1 O-O 22. Rc7 Bb5 23. Rac1 Rxa2+ 24. Ke3 Bc6 25. R1xc6 bxc6 26. d7
Rd8 27. Rc8 Ra8 28. Rxa8 Rxa8 29. Nd4 Rd8 30. Nxc6 Rxd7 31. Ke4 b5 32. Nb4 Kf8
33. Nd5 Rb7 34. Kd4 b4 35. Kc4 b3 36. Nc3 b2 37. Nb1 Ke7 38. Kd4 Ke6 39. Ke4
Rb4+ 40. Kf3 Kxe5 41. g3 Rc4 42. Kg2 Rc1 43. Nd2 Rc2 {White resigns} 0-1

[Event "Team 45 45 League T40"]
[Site "Internet Chess Club"]
[Date "2009.03.09"]
[Round "6"]
[White "Mutaant"]
[Black "nozmov"]
[Result "1-0"]
[WhiteElo "1443"]
[BlackElo "1421"]
[Opening "French defense"]
[ECO "C00"]
[Time "16:11:37"]
[TimeControl "2700+45"]

1. e4 e6 2. Bc4 d5 3. exd5 exd5 4. Bb3 Nf6 5. h3 Nc6 6. d4 Be7 7. Nf3 O-O 8. O-O
Re8 9. Bf4 Bd6 10. Bg5 Be7 11. Nc3 Be6 12. Ne5 Ne4 13. Bxe7 Rxe7 14. Nxc6 bxc6
15. Nxe4 dxe4 16. c3 Qd6 17. Qh5 Bxb3 18. axb3 Qd5 19. Qd1 Rd7 20. b4 Qc4 21.
Re1 Re7 22. Qg4 Qd5 23. Ra5 Qe6 24. Qf4 Kf8 25. Re5 Qd6 26. R1xe4 Rae8 27. Qe3
f6 28. Rxe7 Rxe7 29. Rxe7 Qxe7 30. Qxe7+ Kxe7 31. f4 Kd6 32. c4 Ke6 33. Kf2 Kf5
34. Ke3 h5 35. Kf3 g5 36. g4+ hxg4+ 37. hxg4+ Ke6 38. Ke4 gxf4 39. Kxf4 a6 40.
Ke4 Ke7 41. d5 cxd5+ 42. Kxd5 Kd7 43. b5 axb5 44. cxb5 Ke7 45. Kc6 Kd8 46. b4
Kc8 47. Kd5 Kd7 48. Kc5 Kc8 49. Kc6 Kb8 50. Kd7 Kb7 51. Ke6 c5 52. bxc5 {Black
resigns} 1-0

[Event "Team 45 45 League T40"]
[Site "Internet Chess Club"]
[Date "2009.03.08"]
[Round "6"]
[White "Grenadier"]
[Black "RingLord"]
[Result "0-1"]
[WhiteElo "1644"]
[BlackElo "1632"]
[Opening "Sicilian: Grand Prix attack"]
[ECO "B23"]
[Time "12:44:35"]
[TimeControl "2700+45"]

1. e4 c5 2. Nc3 Nc6 3. f4 g6 4. Nf3 Bg7 5. Bb5 a6 6. Bxc6 bxc6 7. O-O d6 8. d3
e6 9. Bd2 Ne7 10. Qe1 Qb6 11. Rb1 d5 12. e5 Nf5 13. Kh1 O-O 14. Ne2 a5 15. Ng3
Nd4 16. Nxd4 cxd4 17. h4 c5 18. h5 c4 19. Rf3 Bh6 20. f5 Bxd2 21. Qxd2 exf5 22.
Qg5 f6 23. exf6 Qxf6 24. Qf4 Bb7 25. Re1 Rae8 26. Rff1 Re7 27. Rxe7 Qxe7 28.
Qxd4 Re8 29. hxg6 hxg6 30. dxc4 Rd8 31. Rd1 Rc8 32. cxd5 Rxc2 33. Rd2 Qe1+ 34.
Nf1 Qxf1+ 35. Kh2 Rc4 36. Qe5 Rh4+ 37. Kg3 Rg4+ 38. Kh2 Qb5 39. Qe6+ Kf8 40.
Qf6+ Ke8 41. Qe6+ Kd8 42. Qf6+ Kc8 43. d6 Bd5 44. Rc2+ Bc6 45. Qf8+ Kb7 46. Qe7+
Ka6 47. Qc7 Qe5+ 48. Kg1 Qe1+ 49. Kh2 Rh4# {White checkmated} 0-1

[Event "Team 45 45 League T40"]
[Site "Internet Chess Club"]
[Date "2009.03.08"]
[Round "6"]
[White "BlunderJack"]
[Black "GoIrish"]
[Result "1/2-1/2"]
[WhiteElo "1629"]
[BlackElo "1595"]
[Opening "King's Indian: Andersson variation"]
[ECO "E92"]
[Time "15:08:23"]
[TimeControl "2700+45"]

1. d4 Nf6 2. c4 g6 3. Nf3 Bg7 4. Nc3 O-O 5. e4 d6 6. Be2 e5 7. dxe5 dxe5 8. Qxd8
Rxd8 9. Nxe5 Nxe4 10. Nxe4 Bxe5 11. Bg5 Rd4 12. Nf6+ Kg7 13. Nd5 Be6 14. Be3
Rxd5 15. cxd5 Bxd5 16. Bf3 Bxf3 17. gxf3 b6 18. Rc1 c5 19. Rc2 Nc6 20. a3 Nd4
21. Bxd4 Bxd4 22. b4 Re8+ 23. Re2 Bc3+ 24. Kd1 Rd8+ 25. Kc2 cxb4 26. axb4 Bxb4
27. Rd1 Rxd1 28. Kxd1 f5 29. Rc2 Bc5 30. Ke2 a5 31. Kd3 Kf6 32. f4 a4 33. Kc4 a3
34. Rd2 h6 35. h3 g5 36. fxg5+ hxg5 37. f3 Ke5 38. Rd5+ Kf4 39. Kb3 Kxf3 {Game
drawn by mutual agreement} 1/2-1/2

[Event "Team 45 45 League T40"]
[Site "Internet Chess Club"]
[Date "2009.03.08"]
[Round "6"]
[White "fredd"]
[Black "Bookkeeper"]
[Result "1-0"]
[WhiteElo "1511"]
[BlackElo "1552"]
[Opening "Queen's gambit accepted"]
[ECO "D20"]
[Time "09:36:03"]
[TimeControl "2700+45"]

1. d4 d5 2. c4 dxc4 3. e3 Bf5 4. Bxc4 Nf6 5. Nf3 e6 6. Nc3 Bd6 7. O-O O-O 8. Qb3
Qc8 9. d5 e5 10. Re1 e4 11. Nh4 Bg4 12. g3 Nbd7 13. Be2 Nc5 14. Qc2 Re8 15. b4
Bxe2 16. bxc5 Bd3 17. Qb3 Bxc5 18. Na4 Bb6 19. Nxb6 cxb6 20. Bb2 Bc4 21. Qd1
Nxd5 22. Bxg7 Kxg7 23. Qd4+ Kg8 24. Rac1 Qe6 25. Qxc4 Rac8 26. Qb5 a6 27. Qe2
Nb4 28. Qh5 Nd3 29. Rxc8 Rxc8 30. Nf5 Qf6 31. Qg4+ Kh8 32. Rd1 Re8 33. Rd2 Re5
34. Nd4 Qe7 35. Rc2 h5 36. Rc8+ Kh7 37. Qg8+ Kh6 38. Qh8+ Kg6 39. Rg8# {Black
checkmated} 1-0

[Event "Team 45 45 League T40"]
[Site "Internet Chess Club"]
[Date "2009.03.07"]
[Round "6"]
[White "vescovifan"]
[Black "Victorianum"]
[Result "0-1"]
[WhiteElo "1587"]
[BlackElo "1736"]
[Opening "Owen defense"]
[ECO "B00"]
[Time "08:02:15"]
[TimeControl "2700+45"]

1. e4 b6 2. d4 e6 3. c4 Bb7 4. Nc3 Bb4 5. Bd3 Bxc3+ 6. bxc3 d6 7. Nf3 Nd7 8. Bg5
Ne7 9. O-O f6 10. Bd2 O-O 11. Re1 e5 12. h4 Qe8 13. Rb1 Rb8 14. Nh2 f5 15. exf5
Nxf5 16. Qg4 Qf7 17. Nf3 Bxf3 18. Qxf3 exd4 19. Bxf5 Ne5 20. Bxh7+ Kxh7 21. cxd4
Nxf3+ {White resigns} 0-1

[Event "Team 45 45 League T40"]
[Site "Internet Chess Club"]
[Date "2009.03.04"]
[Round "6"]
[White "Spady"]
[Black "celebrat"]
[Result "1-0"]
[WhiteElo "1660"]
[BlackElo "1502"]
[Opening "French: Steinitz variation"]
[ECO "C11"]
[Time "22:03:11"]
[TimeControl "2700+45"]

1. e4 e6 2. d4 d5 3. Nc3 Nf6 4. e5 Nfd7 5. f4 a6 6. Be3 c5 7. Nf3 Be7 8. Be2 Nc6
9. Qd2 h6 10. O-O-O b5 11. f5 exf5 12. Nxd5 cxd4 13. Bxd4 Nxd4 14. Qxd4 Bc5 15.
Qf4 Qa5 16. Kb1 O-O 17. Qxf5 b4 18. Bd3 g6 19. Qf4 Kg7 20. b3 Ba7 21. Be4 Rb8
22. h4 Nc5 23. Qf6+ Kh7 24. Ng5+ {Black resigns} 1-0

[Event "Team 45 45 League T40"]
[Site "Internet Chess Club"]
[Date "2009.03.08"]
[Round "6"]
[White "AngryPirate"]
[Black "forsyth"]
[Result "0-1"]
[WhiteElo "1461"]
[BlackElo "1561"]
[Opening "Sicilian defense"]
[ECO "B30"]
[Time "21:13:36"]
[TimeControl "2700+45"]

1. e4 c5 2. Nf3 Nc6 3. d3 g6 4. g3 Bg7 5. Bg2 Nf6 6. O-O O-O 7. Nbd2 d5 8. exd5
Nxd5 9. Re1 Bg4 10. h3 Bf5 11. Nf1 Qd7 12. Kh2 h6 13. Ne3 Nxe3 14. Rxe3 Rad8 15.
a3 Nd4 16. Nxd4 Bxd4 17. Re2 Bg7 18. Qe1 Be6 19. Rb1 Rfe8 20. b3 g5 21. Bb2 Bxb2
22. Rxb2 b6 23. Rb1 Qc7 24. Rxe6 fxe6 25. Qxe6+ Kg7 26. Be4 Qd6 27. Qf5 Rh8 28.
Qg4 Rdf8 29. Kg2 Qf6 30. f3 e6 31. h4 h5 32. Qxg5+ Qxg5 33. hxg5 h4 34. Rh1 hxg3
35. Rxh8 Rxh8 36. Kxg3 Rh1 37. Kf4 Rh8 38. Ke5 Rh5 39. Kxe6 Rxg5 40. f4 Rh5 41.
Ke7 Rh8 42. b4 cxb4 43. axb4 a5 44. bxa5 bxa5 45. f5 Rf8 46. c4 a4 47. c5 a3 48.
Bd5 Rxf5 49. Ke6 {White resigns} 0-1

[Event "Team 45 45 League T40"]
[Site "Internet Chess Club"]
[Date "2009.03.08"]
[Round "6"]
[White "john-beebs"]
[Black "FractalDante"]
[Result "1-0"]
[WhiteElo "1482"]
[BlackElo "1460"]
[Opening "Sicilian: dragon, 6.Be3"]
[ECO "B72"]
[Time "13:00:08"]
[TimeControl "2700+45"]

1. e4 c5 2. Nf3 d6 3. Nc3 Nf6 4. d4 cxd4 5. Nxd4 g6 6. Be3 Bg7 7. Qd2 Ng4 8.
Bb5+ Bd7 9. Bc4 Nxe3 10. Qxe3 O-O 11. O-O Nc6 12. Nf3 e6 13. Rad1 Rc8 14. Rxd6
Ne5 15. Nxe5 Bxe5 16. Rxd7 Qxd7 17. Bb5 Qc7 18. Qxa7 Rfd8 19. Qe3 Rd6 20. Ba4
Qc5 21. Qxc5 Rxc5 22. Nb5 Rd8 23. c3 Rd2 24. f4 Bg7 25. Rf2 Rxf2 26. Kxf2 Rc4
27. Bc2 Rc5 28. a4 b6 29. g4 e5 30. f5 gxf5 31. gxf5 f6 32. b4 Rc8 33. h4 Bf8
34. Bb3+ Kg7 35. a5 bxa5 36. bxa5 Ra8 37. Nc7 Bc5+ 38. Kf3 Rxa5 39. Ne8+ Kh8 40.
Nxf6 Ra3 41. Bd5 Rxc3+ 42. Kg4 Be7 43. Nd7 Bd6 44. f6 Rc7 45. Be6 h6 46. Kh5
Rxd7 47. Bxd7 Bf8 48. Kg6 Kg8 49. Be6+ Kh8 50. Kf5 Bd6 51. Bd5 Kh7 52. Ke6 Bf8
53. Kxe5 Kg6 54. f7 Kh5 55. Kf5 Kxh4 56. e5 Kg3 57. e6 Be7 58. Kg6 Kg4 59. Kg7
Kf5 60. f8=Q+ Bxf8+ 61. Kxf8 Kf6 62. e7 {Black resigns} 1-0

[Event "Team 45 45 League T40"]
[Site "Internet Chess Club"]
[Date "2009.03.07"]
[Round "6"]
[White "DeLaSalle"]
[Black "Superjem"]
[Result "1/2-1/2"]
[WhiteElo "2009"]
[BlackElo "2107"]
[Opening "Nimzovich-Larsen attack"]
[ECO "A01"]
[Time "02:21:38"]
[TimeControl "2700+45"]

1. b3 d6 2. Bb2 e5 3. d4 exd4 4. Qxd4 Nc6 5. Qd2 Nf6 6. Nc3 g6 7. Nd5 Bg7 8. Qc3
Nh5 9. Qe3+ Be6 10. Bxg7 Nxg7 11. Nf4 Qf6 12. Rd1 Nf5 13. Qd3 Nfd4 14. c3 Nb5
{Game drawn by mutual agreement} 1/2-1/2

[Event "Team 45 45 League T40"]
[Site "Internet Chess Club"]
[Date "2009.03.09"]
[Round "6"]
[White "SuperPeon"]
[Black "charles-allen"]
[Result "0-1"]
[WhiteElo "1908"]
[BlackElo "1907"]
[Opening "Bishop's opening: Berlin defense"]
[ECO "C24"]
[Time "20:01:01"]
[TimeControl "2700+45"]

1. e4 e5 2. Bc4 Nf6 3. d3 Bc5 4. Nc3 O-O 5. f4 exf4 6. Bxf4 c6 7. Qf3 d5 8. exd5
Bg4 9. Qg3 Bxg1 10. Rxg1 Re8+ 11. Kd2 cxd5 12. Bb5 d4 13. Ne4 Nxe4+ 14. dxe4
Qa5+ 15. Kc1 Qxb5 16. Qxg4 Rxe4 17. a4 Qe8 18. Rd1 Nc6 19. Ra3 Nb4 20. Kb1 Qc6
21. Rc1 Rc8 22. Rg3 g6 23. Qf3 Qxa4 {White resigns} 0-1

[Event "Team 45 45 League T40"]
[Site "Internet Chess Club"]
[Date "2009.03.06"]
[Round "6"]
[White "mcplayerus"]
[Black "player12321"]
[Result "1-0"]
[WhiteElo "2043"]
[BlackElo "1929"]
[Opening "QGD Slav: 3.Nf3"]
[ECO "D11"]
[Time "22:04:59"]
[TimeControl "2700+45"]

1. d4 d5 2. c4 c6 3. Nf3 e6 4. g3 Nf6 5. Bg2 dxc4 6. Nc3 Be7 7. Ne5 Nbd7 8. Nxc4
Nb6 9. Ne5 O-O 10. O-O Qc7 11. Qc2 Rd8 12. Nb5 Qb8 13. Bf4 cxb5 14. Nc6 bxc6 15.
Bxb8 Rxb8 16. Bxc6 Nbd5 17. Bxd5 Nxd5 18. e4 Nb6 19. Rac1 Bb7 20. Qe2 a6 21.
Rfd1 Bf6 22. b3 Rxd4 23. Rxd4 Bxd4 24. Rc7 Be5 25. Rc1 Kf8 26. Qh5 Bf6 27. Qc5+
Ke8 28. Qxb6 Be5 29. Rc7 {Black resigns} 1-0

[Event "Team 45 45 League T40"]
[Site "Internet Chess Club"]
[Date "2009.03.08"]
[Round "6"]
[White "touchthis"]
[Black "kenjr"]
[Result "1-0"]
[WhiteElo "1827"]
[BlackElo "1896"]
[Opening "Scandinavian defense"]
[ECO "B01"]
[Time "15:42:03"]
[TimeControl "2700+45"]

1. e4 d5 2. exd5 Nf6 3. Bb5+ Nbd7 4. c4 a6 5. Bxd7+ Qxd7 6. Nf3 b5 7. d3 bxc4 8.
dxc4 Bb7 9. Ne5 Qd6 10. Bf4 Qb4+ 11. Qd2 Qc5 12. b4 Qd6 13. Nxf7 Qd7 14. Nxh8
Ne4 15. Qe3 Qf5 16. O-O g5 17. Bxc7 Bg7 18. f3 Ng3 19. hxg3 Bxa1 20. Qb6 Bc8 21.
Qc6+ Kf8 22. Qxa8 Bd4+ 23. Kh1 Kg7 24. Re1 Kxh8 25. Be5+ Bxe5 26. Rxe5 Qxe5 27.
Qxc8+ Kg7 28. Qe6 Qxg3 29. Qxe7+ Kg6 30. Qe4+ Kg7 31. Nc3 h5 {Black resigns} 1-0

[Event "Team 45 45 League T40"]
[Site "Internet Chess Club"]
[Date "2009.03.11"]
[Round "6"]
[White "Beddathanme"]
[Black "cesaralexander"]
[Result "0-1"]
[WhiteElo "1861"]
[BlackElo "1947"]
[Opening "French: Winawer, advance, Bogolyubov variation"]
[ECO "C17"]
[Time "21:43:25"]
[TimeControl "2700+45"]

1. e4 e6 2. d4 d5 3. Nc3 Bb4 4. e5 c5 5. Bd2 Nc6 6. Nb5 Bxd2+ 7. Qxd2 Nxd4 8.
Nxd4 cxd4 9. f4 Qb6 10. O-O-O Ne7 11. Nf3 Nf5 12. Nxd4 Nxd4 13. Qxd4 Qa5 14. Rd3
Bd7 15. Be2 a6 16. Ra3 Qc7 17. Rc3 Qa5 18. Ra3 Qd8 19. Qb4 b5 20. Rc3 Rc8 21.
Rxc8 Qxc8 22. Qd6 Qc6 23. Qb4 Qb6 24. Re1 a5 25. Qa3 b4 26. Qg3 O-O 27. h4 Rc8
28. h5 h6 29. Bd3 a4 30. Qf3 b3 31. a3 bxc2 32. Bxc2 Qb3 33. Re2 Qa2 34. Qd3
Qa1+ 35. Kd2 Qxb2 36. Qh7+ Kf8 37. Kd1 Qa1+ 38. Kd2 Qd4+ 39. Ke1 Qxf4 40. Qh8+
Ke7 41. Qxg7 Bb5 42. Rf2 Qe3+ {White resigns} 0-1

[Event "Team 45 45 League T40"]
[Site "Internet Chess Club"]
[Date "2009.03.07"]
[Round "6"]
[White "frank001"]
[Black "Beetlejuice"]
[Result "1-0"]
[WhiteElo "1984"]
[BlackElo "1836"]
[Opening "Sicilian, Szén, hedgehog variation"]
[ECO "B44"]
[Time "03:00:08"]
[TimeControl "2700+45"]

1. e4 c5 2. Nf3 e6 3. d4 cxd4 4. Nxd4 Nc6 5. Nb5 d6 6. c4 Nf6 7. N1c3 a6 8. Na3
Be7 9. Be2 b6 10. O-O O-O 11. Be3 Bb7 12. Rc1 Re8 13. f3 Rb8 14. Qd2 Ne5 15.
Rfd1 Nfd7 16. Bf1 Nc5 17. Qf2 Ba8 18. b4 Ncd7 19. c5 bxc5 20. bxc5 dxc5 21. Nc4
Nxc4 22. Bxc4 Bb7 23. Bf4 Ra8 24. Rc2 Qc8 25. Rcd2 Nb6 26. Qe2 Bf6 27. e5 Be7
28. Ne4 Nxc4 29. Qxc4 Bd5 30. Qc2 Qc6 31. Ng5 g6 32. Nh3 Reb8 33. Nf2 Rb5 34.
Ng4 c4 35. Nf6+ Kg7 36. Bg5 h6 37. Nh5+ gxh5 38. Bxe7 Rg8 39. Qc3 Kh7 40. Rf2
Qb7 41. Bf6 Rg6 42. h3 Qb6 43. Kf1 Rb1 44. Rc1 Qb4 45. Qc2 Rxc1+ 46. Qxc1 Qc5
47. Qc3 Qc7 48. Qb4 c3 49. Rc2 Qc4+ 50. Qxc4 Bxc4+ 51. Kf2 Rg8 52. a3 Rb8 53.
Rxc3 Bb5 54. Be7 Kg6 55. Bd6 Rd8 56. Ke3 f5 57. g3 Kf7 58. Rc7+ Kg6 59. h4 Re8
60. Be7 Rb8 61. Bf6 Re8 62. Rg7# {Black checkmated} 1-0

[Event "Team 45 45 League T40"]
[Site "Internet Chess Club"]
[Date "2009.03.08"]
[Round "6"]
[White "room-matt"]
[Black "Intelectual"]
[Result "0-1"]
[WhiteElo "1763"]
[BlackElo "1903"]
[Opening "French: Steinitz, Boleslavsky variation"]
[ECO "C11"]
[Time "05:07:16"]
[TimeControl "2700+45"]

1. e4 e6 2. d4 d5 3. Nc3 Nf6 4. e5 Nfd7 5. f4 c5 6. Nf3 Nc6 7. Be3 cxd4 8. Nxd4
Be7 9. Bb5 Qc7 10. O-O a6 11. Be2 b5 12. a3 Bb7 13. Bf3 Na5 14. Qe1 Nc4 15. Rb1
Rc8 16. a4 b4 17. Nd1 a5 18. Bf2 Ba6 19. Be2 Qb7 20. Ne3 Nxe3 21. Bxe3 Nc5 22.
Bxa6 Qxa6 23. b3 O-O 24. Rc1 Ne4 25. Nb5 f6 26. Bd4 fxe5 27. Bxe5 Qb6+ 28. Bd4
Bc5 29. Qe3 Bxd4 30. Qxd4 Qxd4+ 31. Nxd4 Kf7 32. Rf3 Kf6 33. h3 e5 34. fxe5+
Kxe5 35. Rxf8 Rxf8 36. Nf3+ Kd6 37. Rf1 Kc5 38. Nh4 Rxf1+ 39. Kxf1 Kd4 40. Ke2
Kc3 41. Kd1 Ng3 42. Nf3 Nf5 43. Kc1 Ne3 44. Ne1 h5 45. h4 g6 46. g3 Nf5 47. Nf3
Nxg3 48. Ne5 Ne2+ 49. Kb1 Nd4 50. Nxg6 Nxc2 51. Nf4 d4 52. Nxh5 d3 53. Ng3 Kd4
54. Kc1 Na1 55. h5 Nxb3+ 56. Kb2 d2 57. Kc2 Ke5 58. h6 Kf6 59. Ne4+ Kg6 60. h7
Kxh7 61. Nxd2 Nxd2 62. Kxd2 Kg6 63. Kd3 Kf5 64. Kc4 Ke4 65. Kb3 Kd3 66. Kb2 Kd2
67. Kb3 Kc1 68. Ka2 Kc2 69. Ka1 Kb3 70. Kb1 Kxa4 71. Kb2 b3 72. Ka1 Kb4 73. Kb2
a4 {White resigns} 0-1

[Event "Team 45 45 League T40"]
[Site "Internet Chess Club"]
[Date "2009.03.08"]
[Round "6"]
[White "FiendAngelical"]
[Black "QueensCounselor"]
[Result "1/2-1/2"]
[WhiteElo "1923"]
[BlackElo "2014"]
[Opening "Petrov: Nimzovich attack"]
[ECO "C42"]
[Time "15:01:35"]
[TimeControl "2700+45"]

1. e4 e5 2. Nf3 Nf6 3. Nxe5 d6 4. Nf3 Nxe4 5. Nc3 Nxc3 6. dxc3 Be7 7. Be3 Be6 8.
Qd2 Nc6 9. O-O-O O-O 10. Kb1 Ne5 11. Nd4 Nc4 12. Bxc4 Bxc4 13. b3 Be6 14. g4 c5
15. Nf5 d5 16. h4 b6 17. Nxe7+ Qxe7 18. Rdg1 Rad8 19. h5 d4 20. cxd4 cxd4 21.
Bxd4 Qd7 22. c3 Bxg4 23. Qg5 Qf5+ 24. Qxf5 Bxf5+ 25. Kc1 f6 26. Rg3 Kf7 27. Rhg1
g6 28. Rh1 Rfe8 29. hxg6+ Bxg6 30. Kd2 Re6 {Game drawn by mutual agreement}
1/2-1/2

[Event "Team 45 45 League T40"]
[Site "Internet Chess Club"]
[Date "2009.03.08"]
[Round "6"]
[White "LoseOften"]
[Black "chessateer"]
[Result "1-0"]
[WhiteElo "1818"]
[BlackElo "1840"]
[Opening "KGA: Fischer defense"]
[ECO "C34"]
[Time "09:00:21"]
[TimeControl "2700+45"]

1. e4 e5 2. f4 exf4 3. Nf3 d6 4. Bc4 Be7 5. O-O Nf6 6. Nc3 Nc6 7. d4 O-O 8. Bxf4
Bg4 9. Qd2 Qd7 10. Rae1 a6 11. a4 Bxf3 12. Rxf3 Nxe4 13. Rxe4 {Black resigns}
1-0

[Event "Team 45 45 League T40"]
[Site "Internet Chess Club"]
[Date "2009.03.07"]
[Round "6"]
[White "predkoo"]
[Black "foodfight"]
[Result "1-0"]
[WhiteElo "1771"]
[BlackElo "1505"]
[Opening "Bird's opening"]
[ECO "A03"]
[Time "10:31:29"]
[TimeControl "2700+45"]

1. f4 d5 2. e3 g6 3. Nf3 Bg7 4. d4 Nh6 5. Be2 O-O 6. O-O a6 7. c4 c6 8. b3 Bg4
9. h3 Bxf3 10. Bxf3 e6 11. g4 f5 12. Ba3 Re8 13. g5 Nf7 14. Nc3 Nxg5 15. fxg5
Qxg5+ 16. Kf2 Bh6 17. Qd2 Nd7 18. Rh1 f4 19. exf4 Qh4+ 20. Ke2 Bxf4 21. Qe1 Bg3
22. Qg1 e5 23. Nxd5 exd4+ 24. Kd2 cxd5 25. Bxd5+ Kg7 26. Rf1 Qg5+ 27. Kd1 Qe3
28. Rf7+ Kh6 29. Bc1 {Black resigns} 1-0

[Event "Team 45 45 League T40"]
[Site "Internet Chess Club"]
[Date "2009.03.08"]
[Round "6"]
[White "vkpanch"]
[Black "jjmolina"]
[Result "0-1"]
[WhiteElo "1701"]
[BlackElo "1762"]
[Opening "Caro-Kann: advance variation"]
[ECO "B12"]
[Time "10:35:55"]
[TimeControl "2700+45"]

1. e4 c6 2. d4 d5 3. e5 Bf5 4. g4 Bd7 5. Be2 e6 6. Bf4 Qb6 7. b3 c5 8. c3 Nc6 9.
Nf3 Rc8 10. Be3 cxd4 11. cxd4 Bb4+ 12. Kf1 h6 13. a3 Bf8 14. b4 a6 15. Nc3 Nxb4
16. axb4 Rxc3 17. Bd2 Rc8 18. Rc1 Rxc1 19. Qxc1 Bxb4 20. Bxb4 Qxb4 21. Kg2 Ne7
22. Qc2 Qa4 23. Qc3 Ng6 24. Qc7 Nf4+ 25. Kf1 Qa1+ 26. Ne1 Nxe2 27. Qb8+ Ke7 28.
Qxh8 Bb5 29. Kg2 Qxd4 30. Qxg7 Qe4+ 31. f3 Qf4 32. Qf6+ Qxf6 33. exf6+ Kxf6 34.
Nc2 d4 35. Rd1 e5 36. Kf2 Nf4 37. h4 Ba4 38. Rd2 Ne6 39. f4 Nxf4 {White resigns}
0-1

[Event "Team 45 45 League T40"]
[Site "Internet Chess Club"]
[Date "2009.03.07"]
[Round "6"]
[White "katesolu"]
[Black "Caminator"]
[Result "1-0"]
[WhiteElo "1781"]
[BlackElo "1793"]
[Opening "Ruy Lopez: closed, 7...O-O"]
[ECO "C88"]
[Time "21:54:55"]
[TimeControl "2700+45"]

1. e4 e5 2. Nf3 Nc6 3. Bb5 a6 4. Ba4 Nf6 5. O-O Be7 6. Re1 b5 7. Bb3 O-O 8. h3
d5 9. exd5 Nxd5 10. Nxe5 Nxe5 11. Rxe5 c6 12. d4 Bd6 13. Re1 Qh4 14. Bxd5 cxd5
15. Qd3 Be6 16. Nd2 Rae8 17. Nf3 Qh5 18. Ne5 f6 19. Nf3 Re7 20. Bd2 Rfe8 21. Nh2
Bf5 22. Qb3 Be4 23. f3 Bg6 24. Ng4 Bf7 25. Rxe7 Rxe7 26. Re1 Rxe1+ 27. Bxe1 Qg5
28. Qc3 Be6 29. Qc6 Bxg4 30. Qe8+ Bf8 31. Bb4 h6 32. Qxf8+ Kh7 33. hxg4 Qc1+ 34.
Kh2 Qxb2 35. a3 Qxd4 36. Qc8 Qb6 37. Qf5+ Kh8 38. Qxd5 Qc7+ 39. Qd6 Qxc2 40.
Qxa6 Qc7+ 41. Qd6 Qxd6+ 42. Bxd6 Kh7 43. Kg3 g5 44. Kf2 Kg6 45. Ke3 f5 46. gxf5+
Kxf5 47. Kd4 Ke6 48. Kc5 h5 49. Bh2 Kd7 50. Kxb5 Kc8 51. Kb6 g4 52. fxg4 hxg4
53. a4 Kd7 54. a5 Ke6 55. a6 Kf5 56. a7 Ke4 57. a8=Q+ Ke3 58. Qf8 Ke2 59. Bg1
Ke1 60. Qf2+ Kd1 61. Kc5 g3 62. Qxg3 Ke2 63. Kd4 Kd1 64. Qf2 Kc1 65. Kc3 Kb1 66.
Qb2# {Black checkmated} 1-0

[Event "Team 45 45 League T40"]
[Site "Internet Chess Club"]
[Date "2009.03.06"]
[Round "6"]
[White "soccerisfun"]
[Black "rojito"]
[Result "1/2-1/2"]
[WhiteElo "1434"]
[BlackElo "1719"]
[Opening "Sicilian: Kan, 5.Nc3"]
[ECO "B43"]
[Time "23:02:14"]
[TimeControl "2700+45"]

1. e4 c5 2. Nf3 e6 3. d4 cxd4 4. Nxd4 a6 5. Nc3 Qc7 6. Be3 Nf6 7. Bd3 Bb4 8. Qd2
d5 9. exd5 Nxd5 10. Nde2 Nxe3 11. Qxe3 O-O 12. O-O-O Nc6 13. Qh3 f5 14. g4 Bxc3
15. Nxc3 Qf4+ 16. Rd2 fxg4 17. Qxh7+ Kf7 18. Bg6+ Ke7 19. Qxg7+ Rf7 20. Qxf7+
Qxf7 21. Bxf7 Kxf7 22. Ne4 Ke7 23. Rg1 e5 24. Nd6 Be6 25. Nxb7 Nd4 26. Nc5 Nf3
27. Nxe6 Nxg1 28. Nc7 Rc8 29. Nxa6 Nf3 30. Re2 Kf6 31. Nb4 Rh8 32. Nd5+ Ke6 33.
c4 Rxh2 34. b3 g3 35. Nf4+ Kf5 36. fxg3 exf4 37. Rxh2 fxg3 38. Rg2 Kf4 39. c5
Nh4 40. Rxg3 Kxg3 41. c6 Nf5 42. c7 Nd6 43. a4 Kf4 44. a5 Ke5 45. a6 Nc8 46. b4
Kd6 47. Kb2 Kxc7 48. Kb3 Kb6 49. a7 Nxa7 50. b5 Nxb5 {Game drawn because neither
player has mating material} 1/2-1/2

[Event "Team 45 45 League T40"]
[Site "Internet Chess Club"]
[Date "2009.03.07"]
[Round "6"]
[White "goldengel"]
[Black "Invicta-Knight"]
[Result "1/2-1/2"]
[WhiteElo "1453"]
[BlackElo "1595"]
[Opening "Scandinavian: Pytel-Wade variation"]
[ECO "B01"]
[Time "10:01:56"]
[TimeControl "2700+45"]

1. e4 d5 2. exd5 Qxd5 3. Nc3 Qd6 4. d4 a6 5. Nf3 Nf6 6. Be2 Nc6 7. Be3 Bg4 8.
O-O Bxf3 9. Bxf3 O-O-O 10. d5 Nb4 11. Ne4 Nxe4 12. Bxe4 Nxd5 13. Qf3 c6 14. Rad1
Qf6 15. Bd4 Qxf3 16. Bxf3 e6 17. c4 Nf6 18. Bxf6 gxf6 19. Bh5 Rd7 20. Rxd7 Kxd7
21. Bxf7 Ke7 22. Bh5 Bg7 23. Rd1 f5 24. b3 Rd8 25. Rxd8 Kxd8 26. Kf1 Bd4 27. f4
Kd7 28. Ke2 Kd6 29. Kd3 Bg1 30. h3 Bh2 31. Ke3 e5 32. fxe5+ Bxe5 33. Bd1 Bg3 34.
Bc2 Ke5 35. Kf3 Be1 36. g4 fxg4+ 37. hxg4 h6 38. Bf5 b6 39. Bc8 a5 40. Ke2 Bb4
41. Kd3 Ba3 42. Bd7 Kd6 43. Be8 Kc5 44. Kc2 Kd6 45. Kd3 Kc5 46. Kc2 Kd6 47. Kd3
Kc5 48. Kc2 Kd6 {Game drawn by repetition} 1/2-1/2